 Dungeon Crawl Stone Soup version 0.28-a0-1130-gc51a68064b (webtiles) character file.

Game seed: 11567328033843055213

48 Gwenloh the Ducker (level 3, 0/16 HPs)
             Began as a Felid Transmuter on Dec 13, 2021.
             Slain by a goblin (3 damage)
             ... on level 1 of the Dungeon.
             The game lasted 00:06:47 (2137 turns).

Gwenloh the Ducker (Felid Transmuter)               Turns: 2137, Time: 00:06:48

Health: 0/16       AC:  1    Str:  6    XL:     3   Next: 50%
Magic:  4/7        EV: 18    Int: 16    God:
Gold:   18         SH:  0    Dex: 16    Spells: 0/6 levels left
                                        Lives:  0   Deaths: 0

rFire   . . .      SeeInvis +     - Unarmed
rCold   . . .      Faith    .   (shield unavailable)
rNeg    . . .      Spirit   .   (armour unavailable)
rPois   .          Reflect  .   (helmet unavailable)
rElec   .          Harm     .   (cloak unavailable)
rCorr   .          Rampage  .   (gloves unavailable)
Will    .....                   (boots unavailable)
Stlth   +.........              (no amulet)
HPRegen 0.05/turn               (no ring)
MPRegen 0.10/turn               (no ring)

@: appendages, quick
A: horns 2, very small, claws 1, fangs 3, see invisible, speed 1, shaggy fur 1,
stealthy paws, no weapons or thrown items, no armour, multi-lived
a: End Transformation


You were on level 1 of the Dungeon.
You had temporarily grown beastly horns.
You visited 1 branch of the dungeon, and saw 3 of its levels.

You collected 18 gold pieces.

Inventory:

Scrolls
 a - 2 scrolls of identify {unknown}
 d - a scroll of immolation {unknown}
Potions
 b - a potion of ambrosia {unknown}
 c - a potion of invisibility {unknown}
 e - a potion of cancellation {unknown}
 f - a potion of berserk rage {unknown}


   Skills:
 + Level 1.8 Fighting
 + Level 3.5 Dodging
 + Level 3.4 Unarmed Combat
 - Level 2.0 Spellcasting
 + Level 2.9 Transmutations


You couldn't memorise any spells.
You knew the following spells:

 Your Spells              Type           Power      Damage    Failure   Level
a - Beastly Appendage     Tmut           20%        N/A       6%          1
b - Wereblood             Tmut           10%        N/A       10%         2
c - Spider Form           Tmut/Pois      6%         N/A       34%         3

Your spell library contained the following spells:

 Spells                   Type           Power      Damage    Failure   Level
 Slow                     Hex            4%         N/A       21%         1
 Confusing Touch          Hex            1%         N/A       52%         3
 Vampiric Draining        Necr           1%         2d6       52%         3
 Ice Form                 Ice/Tmut       6%         N/A       75%         4


Dungeon Overview and Level Annotations

Branches:
Dungeon (3/15)

Altars:
Gozag

Annotations:
D:2 Terence
D:3 1 runed translucent door


Innate Abilities, Weirdness & Mutations

You have temporarily grown beastly horns.
You have sharp claws.
You have razor-sharp teeth.
You have supernaturally acute eyesight. (SInv)
You cover ground quickly. (Speed+)
You are covered in fur. (AC +1)
Your paws help you pounce on unaware monsters.
You are incapable of wielding weapons or throwing items.
You cannot wear armour.
You gain extra lives every three experience levels.


Message History

The bat barely misses you.
You barely miss the bat. The bat hits you.
* * * LOW HITPOINT WARNING * * *
Casting: Beastly Appendage (safe; 6% risk of failure)
Confirm with . or Enter, or press ? or * to list all spells.
You grow a pair of large bovine horns.
The bat misses you. The bat hits you.
* * * LOW HITPOINT WARNING * * *
The bat misses you.
You closely miss the bat. The bat closely misses you.
The bat barely misses you.
You scratch the bat but do no damage. Your bite misses the bat.
Your primal bloodlust has ended.
The bat misses you. The bat closely misses you. x2
You scratch the bat.
You kill the bat!
Your transformation is almost over.
Your horns disappear.
Found a glowing red potion.
Found 13 gold pieces.
Found a stone staircase leading up.
You see here a glowing red potion.
f - a glowing red potion A goblin comes into view.
It is wielding a +0 club.
Found 14 gold pieces.
The goblin shouts!
A goblin comes into view. It is wielding a +0 dagger.
The goblin shouts!
There is a stone staircase leading up here.
The goblin barely misses you. The goblin misses you.
You climb upwards.
There is a stone staircase leading down here.
Casting: Beastly Appendage (safe; 6% risk of failure)
Confirm with . or Enter, or press ? or * to list all spells.
You grow a pair of large bovine horns.
The goblin closely misses you. The goblin barely misses you.
You scratch the goblin. Your headbutt misses the goblin.
The goblin is moderately wounded.
The goblin hits you with a +0 club.
You die...

##### >...# ....###
###### ......# #.....
....#.## ########
#.#### .......####
#@g....# #.#
#.........######g####.#
#.#
####...##.........###.#
#.#
##.##########......#
#.# #####.# ##.#####
###.#### ......# #.#
#....... #####'## #.#
#(#.###. ##...##### #.#
#.#.# #. ##........#
###.# #...###.


You could see 2 goblins.

Vanquished Creatures
  An adder (D:2)
  3 dart slugs (D:1)
  2 endoplasms
  A goblin (D:1)
  4 hobgoblins
  2 quokkas (D:1)
  3 ball pythons (D:1)
  3 bats
  5 frilled lizards
  5 kobolds
  5 rats
34 creatures vanquished.

Notes
Turn   | Place    | Note
-------+----------+-------------------------------------------
     0 | D:1      | Gwenloh the Felid Transmuter began the quest for the Orb.
     0 | D:1      | Reached XP level 1. HP: 9/9 MP: 4/4
   497 | D:1      | Reached XP level 2. HP: 12/12 MP: 4/6
   504 | D:1      | Learned a level 2 spell: Wereblood
  1472 | D:1      | Reached XP level 3. HP: 15/15 MP: 5/7
  1476 | D:1      | Learned a level 3 spell: Spider Form
  1659 | D:1      | Found a faded altar of an unknown god.
  1844 | D:2      | Noticed Terence
  1845 | D:2      | You fall into a shaft and drop 1 floor!
  1926 | D:3      | Found a runed translucent door.
  2059 | D:2      | Found an opulent altar of Gozag.
  2137 | D:1      | Slain by a goblin

Illustrated notes

Levels and vault maps discovered:
D:1:      minmay_arrival_doors, layout_loops_corners,
          dilly_ecumenical_altar_fadedgnrine, chequers_serial_rivers_marsh,
          kennysheep_doodads
D:2:      layout_basic, serial_shops, nicolae_square_shop, basic_altar,
          eino_curves_02, minmay_unequal, uniq_terence
D:3:      layout_basic, grunt_temple_overflow_open, gammafunk_ghost_grave

Skill      XL: |  1 |
---------------+----+-----
Dodging        | 3 |  3.5
Fighting       | |  1.8
Unarmed Combat | |  3.4
Spellcasting   | |  2.0
Transmutations | |  2.9

Action                   || total
-------------------------++-------
Melee: Unarmed           ||    88
       Headbutt          ||    13
       Bite              ||     4
 Cast: Beastly Appendage ||    29
       Wereblood         ||     2
 Stab: Sleeping          ||     2
Armor: Skin              ||     6
Dodge: Dodged            ||    66

Table legend: (Time is in decaauts)
 A = Elapsed time spent in this place.
 B = Non-inter-level travel time spent in this place.
 C = Inter-level travel time spent in this place.
 D = Time resting spent in this place.
 E = Time spent auto-exploring this place.
 F = Levels seen in this place.
 G = Mean time per level.
                   A        B        C        D        E       F      G
               +--------+--------+--------+--------+--------+-----+--------+
         Total |   1898 |   1894 |      4 |     28 |   1414 |   3 |  632.7 |
       Dungeon |   1898 |   1894 |      4 |     28 |   1414 |   3 |  632.7 |
               +--------+--------+--------+--------+--------+-----+--------+

Top non-repeatable levels by time:
     D:1: 1555 daAuts
     D:2: 227 daAuts
     D:3: 116 daAuts
